 Dungeon Crawl Stone Soup version 0.30-a0-1074-g5db6f66fbb (webtiles) character file.

Game seed: 2834870577641318098

31 jimonade the Grasshopper (level 3, -2/32 HPs)
             Began as a Naga Warper on Apr 13, 2023.
             Slain by a cerulean imp
             ... wielding a +1 spear
             ... summoned by Natasha
              (5 damage)
             ... on level 2 of the Dungeon.
             The game lasted 00:02:26 (1241 turns).

jimonade the Grasshopper (Naga Warper)              Turns: 1241, Time: 00:02:27

Health: -2/32      AC:  2    Str: 13    XL:     3   Next: 22%
Magic:  6/6        EV:  9    Int: 13    God:
Gold:   76         SH:  0    Dex: 12    Spells: 6/6 levels left

rFire   . . .      SeeInvis +    a - +0 dagger (venom)
rCold   . . .      Faith    .    (no shield)
rNeg    . . .      Spirit   .    b - +0 leather armour
rPois   +          Reflect  .    (no helmet)
rElec   .          Rampage  .    (no cloak)
rCorr   .                        (no gloves)
Will    .....                    (no barding)
Stlth   +                        (no amulet)
HPRegen 0.25/turn                (no ring)
MPRegen 0.10/turn                (no ring)

@: very slow
A: AC +1, large, see invisible, deformed body, poison resistance, slowness 2,
spit poison 1, naga tail 1
a: Spit Poison


You were on level 2 of the Dungeon.
You visited 1 branch of the dungeon, and saw 2 of its levels.

You collected 76 gold pieces.

Inventory:

Hand Weapons
 a - a +0 dagger of venom (weapon)
 e - a +0 short sword
Missiles
 d - 7 boomerangs of dispersal
Armour
 b - a +0 leather armour (worn)
Magical Staves
 i - a staff of fire
Scrolls
 c - 2 scrolls of blinking
 f - a scroll of magic mapping {unknown}
 g - 2 scrolls of amnesia {unknown}
 j - 2 scrolls of identify {unknown}
 m - a scroll of vulnerability {unknown}
Potions
 h - 2 potions of might {unknown}
 k - a potion of attraction {unknown}
 l - a potion of curing {unknown}


   Skills:
 + Level 2.0 Fighting
 + Level 2.3 Short Blades
 + Level 0.9 Throwing
 + Level 1.0 Armour
 + Level 1.6 Dodging
 + Level 2.1 Spellcasting
 * Level 0.1 Hexes
 * Level 3.6 Translocations


You had 6 spell levels left.
You didn't know any spells.
Your spell library contained the following spells:

 Spells                   Type           Power      Damage    Failure   Level
 Blink                    Tloc           20%        N/A       11%         2
 Lesser Beckoning         Tloc           20%        N/A       11%         2
 Teleport Other           Tloc           10%        N/A       22%         3
 Kiss of Death            Conj/Necr      4%         2d5       32%         1
 Vhi's Electric Charge    Tloc/Air       12%        N/A       41%         3
 Manifold Assault         Tloc           10%        N/A       56%         4
 Confusing Touch          Hex            1%         N/A       65%         3
 Dispel Undead            Necr           1%         3d6       97%         4


Dungeon Overview and Level Annotations

Branches:
Dungeon (2/15)

Altars:

Annotations:
D:2 Natasha


Innate Abilities, Weirdness & Mutations

Your serpentine skin is tough. (AC +1)
You have supernaturally acute eyesight. (SInv)
Armour fits poorly on your strangely shaped body.
Your system is resistant to poisons. (rPois)
You cover ground very slowly.
You can spit poison.
You have a snake-like lower body.


Message History

The endoplasm barely misses you.
You hit the endoplasm but do no damage.
Natasha hisses.
Natasha mumbles some strange words.
You hit the endoplasm.
The endoplasm is heavily wounded.
The endoplasm barely misses you.
Natasha casts a spell.
You hit the endoplasm but do no damage.
The endoplasm is heavily wounded.
The endoplasm hits you.
You hit the endoplasm.
The endoplasm is severely wounded.
The endoplasm freezes you.
You are frozen.
You barely miss the endoplasm.
The endoplasm is severely wounded.
The endoplasm freezes you.
You are frozen.
You hit the endoplasm.
You kill the endoplasm!
You hit the goblin but do no damage.
The goblin is poisoned.
You punch the goblin.
You kill the goblin!
The cerulean imp barely misses you.
You hit Natasha.
Natasha is poisoned.
Natasha is moderately wounded.
Natasha claws you.
The cerulean imp hits you from afar with a +0 spear.
The cerulean imp hits you from afar with a +1 spear.
* * * LOW HITPOINT WARNING * * *
You hit Natasha.
Natasha looks as sick as possible!
Natasha is moderately wounded.
Natasha casts a spell.
The cerulean imp hits you from afar with a +0 spear.
* * * LOW HITPOINT WARNING * * *
You closely miss Natasha.
Natasha is moderately wounded.
The cerulean imp hits you from afar with a +1 spear.
You die...

#......#######
#.............
#......##
#.......##
#.........##
#.######...###
# ##55..###
#h##...#######
#@####..##...#
#.# ##.##...##
#.# #..'....##
... ####.....#
... #..##.##
.....
#.##...##
...##
#........
#####
#...♣♣♣.. #..♣
#♣.


You could see Natasha (extremely poisoned) and 2 cerulean imps.

Vanquished Creatures
  A worm (D:2)
  A dart slug (D:2)
  5 endoplasms
  A giant cockroach (D:1)
  5 goblins
  A hobgoblin (D:2)
  3 jackals (D:2)
  2 ball pythons
  3 kobolds
  A rat (D:1)
23 creatures vanquished.

Notes
Turn   | Place    | Note
-------+----------+-------------------------------------------
     0 | D:1      | jimonade the Naga Warper began the quest for the Orb.
     0 | D:1      | Reached XP level 1. HP: 19/19 MP: 3/3
   257 | D:1      | Reached XP level 2. HP: 26/26 MP: 5/5
   968 | D:2      | Reached XP level 3. HP: 13/32 MP: 6/6
  1182 | D:2      | Reached skill level 1 in Armour
  1224 | D:2      | Noticed Natasha
  1241 | D:2      | Slain by a cerulean imp

Illustrated notes

Levels and vault maps discovered:
D:1:      minmay_arrival_stone_box, layout_basic
D:2:      layout_basic, minmay_stone_trees_medium, uniq_natasha

Skill      XL: |  1  2  3 |
---------------+----------+-----
Armour         | 1 |  1.0
Fighting       | |  2.0
Short Blades   | |  2.3
Throwing       | |  0.9
Dodging        | |  1.6
Spellcasting   | |  2.1
Hexes          | |  0.1
Translocations | |  3.6

Action                     || total
---------------------------++-------
  Melee: Dagger            ||    79
         Punch             ||     3
Ability: Spit Poison       ||     9
 Armour: Leather armour    ||    13
  Dodge: Dodged            ||    30

Table legend: (Time is in decaauts)
 A = Elapsed time spent in this place.
 B = Non-inter-level travel time spent in this place.
 C = Inter-level travel time spent in this place.
 D = Time resting spent in this place.
 E = Time spent auto-exploring this place.
 F = Levels seen in this place.
 G = Mean time per level.
                   A        B        C        D        E       F      G
               +--------+--------+--------+--------+--------+-----+--------+
         Total |   1565 |   1504 |     61 |    159 |   1047 |   2 |  782.5 |
       Dungeon |   1565 |   1504 |     61 |    159 |   1047 |   2 |  782.5 |
               +--------+--------+--------+--------+--------+-----+--------+

Top non-repeatable levels by time:
     D:1: 1164 daAuts
     D:2: 401 daAuts
